Map: Neon Violet Square LE

Players

sOs - Winner!

  • Race: Protoss Protoss
  • Spawn Location: 11:00

DnS

  • Race: Protoss Protoss
  • Spawn Location: 5:00

Event: IEM Season 12 - PyeongChang

VOD

Have the link to the VOD?

Description

Time

  • Played on: Feb. 5, 2018, 12:59 a.m.
  • Length: 10:51

All games in this series

Show
View Real Time Build Order
Export as new Build Order

sOs Protoss - Winner!

Build Orders: Phoenix Opening, Archon Immortal, Dark Templar Rush 

Get SALT Encoding   

  12  0:00  Probe  
  13  0:12  Probe  
  14  0:18  Pylon  
  14  0:24  Probe (Chrono Boost)  
  15  0:37  Gateway, Probe (Chrono Boost)  
  16  0:43  Probe (Chrono Boost)  
  16  0:48  Assimilator  
  17  0:51  Probe (Chrono Boost)  
  17  0:55  Assimilator  
  18  1:03  Probe (Chrono Boost)  
  19  1:11  Probe (Chrono Boost)  
  20  1:14  Gateway  
  20  1:18  Probe  
  21  1:25  Cybernetics Core  
  21  1:30  Probe  
  22  1:36  Pylon  
  22  1:42  Probe  
  23  1:54  Probe  
  23  2:00  Warp Gate (Chrono Boost)  
  24  2:02  Stalker  
  24  2:03  Sentry  
  28  2:12  Pylon  
  28  2:22  Twilight Council  
  28  2:29  Pylon  
  28  2:32  Stalker  
  30  2:53  Nexus  
  30  3:03  Dark Shrine  
  30  3:07  Phoenix  
  30  3:12  Stalker  
  32  3:18  Shield Battery  
  32  3:22  Probe  
  33  3:34  Probe  
  33  3:40  Shield Battery  
  34  3:46  Probe  
  35  3:54  Pylon  
  35  3:58  Probe  
  36  4:09  Robotics Facility  
  36  4:11  Probe x2 (Chrono Boost)  
  36  4:16  Dark Templar  
  40  4:21  Probe x2 (Chrono Boost)  
  42  4:25  Probe (Chrono Boost)  
  42  4:26  Probe (Chrono Boost)  
  44  4:37  Probe  
  44  4:38  Probe  
  46  4:40  Sentry  
  48  4:49  Pylon, Sentry  
  50  4:56  Observer (Chrono Boost)  
  50  4:58  Probe x2  
  53  5:10  Observer  
  53  5:16  Probe x2  
  53  5:18  Observer  
  56  5:24  Nexus  
  56  5:28  Pylon  
  56  5:33  Probe x2  
  56  5:35  Assimilator  
  58  5:36  Assimilator  
  58  5:38  Pylon  
  58  5:44  Warp Prism (Chrono Boost)  
  58  5:46  Probe x2  
  61  6:00  Probe x2  
  61  6:02  Observer  
  63  6:07  Pylon  
  63  6:08  Charge  
  63  6:11  Forge  
  63  6:12  Probe  
  63  6:13  Probe  
  63  6:14  Forge  
  63  6:18  Immortal (Chrono Boost)  
  65  6:21  Pylon  
  69  6:26  Probe x2  
  71  6:38  Probe (Chrono Boost)  
  74  6:41  Protoss Ground Weapons Level 1 (Chrono Boost), Protoss Ground Armor Level 1 (Chrono Boost)  
  74  6:43  Probe (Chrono Boost)  
  74  6:45  Probe (Chrono Boost)  
  75  6:47  Immortal (Chrono Boost)  
  75  6:48  Probe (Chrono Boost)  
  75  6:53  Gateway  
  79  6:58  Warp Prism (Chrono Boost)  
  79  6:59  Gateway  
  79  7:01  Gateway  
  79  7:02  Probe x2  
  79  7:03  Probe  
  79  7:08  Gateway  
  82  7:19  Immortal  
  82  7:21  Probe x2  
  88  7:25  Assimilator x2  
  88  7:26  Pylon  
  88  7:28  Templar Archives  
  88  7:37  Pylon  
  88  7:42  Gateway  
  88  7:45  Gateway  
  88  7:54  Probe x2  
  88  7:55  Probe  
  91  7:59  Immortal  
  91  8:01  Photon Cannon  
  91  8:02  Zealot x4  
  103  8:06  High Templar x2  
  107  8:16  Archon, Protoss Ground Weapons Level 2 (Chrono Boost)  
  107  8:17  Protoss Ground Armor Level 2 (Chrono Boost)  
  107  8:22  Pylon  
  107  8:27  Pylon  
  107  8:30  High Templar x4  
  115  8:35  Archon x2  
  115  8:44  Nexus  
  115  8:45  Pylon  
  115  8:46  Immortal  
  116  8:56  Stalker  
  118  9:13  High Templar x3  
  118  9:14  High Templar  
  126  9:20  Pylon, Archon  
  126  9:21  Archon  
  126  9:24  Nexus  
  126  9:26  Zealot x4  
  126  9:29  Pylon  
  134  9:33  Pylon  
  134  9:47  Photon Cannon  
  134  9:49  Zealot x3  
  140  9:54  Pylon  
  136  10:04  Probe  
  136  10:10  High Templar x4  
  136  10:11  Zealot x2, High Templar  
  136  10:12  Zealot  
  152  10:15  Archon x2  
  152  10:16  Archon  
  130  10:32  Zealot x3  
  122  10:42  Zealot x4  
Show
View Real Time Build Order
Export as new Build Order

DnS Protoss 

Build Orders: Phoenix Opening, Zealot Archon, Dark Templar Rush 

Get SALT Encoding   

  12  0:00  Probe  
  13  0:12  Probe  
  14  0:17  Pylon  
  14  0:25  Probe (Chrono Boost)  
  15  0:37  Probe (Chrono Boost)  
  15  0:39  Gateway  
  16  0:44  Probe (Chrono Boost)  
  16  0:47  Assimilator  
  17  0:51  Probe (Chrono Boost)  
  17  0:55  Assimilator  
  18  1:03  Probe (Chrono Boost)  
  19  1:11  Probe (Chrono Boost)  
  20  1:12  Gateway  
  20  1:17  Probe  
  21  1:26  Cybernetics Core  
  21  1:29  Probe  
  22  1:35  Pylon  
  22  1:41  Probe  
  23  1:53  Probe  
  24  2:00  Warp Gate (Chrono Boost)  
  24  2:01  Stalker  
  24  2:02  Sentry  
  28  2:12  Pylon  
  28  2:23  Twilight Council  
  28  2:24  Pylon  
  28  2:34  Stalker  
  30  2:46  Stalker  
  32  2:57  Pylon  
  32  3:05  Nexus  
  32  3:09  Phoenix  
  32  3:16  Dark Shrine  
  32  3:19  Probe  
  33  3:25  Shield Battery  
  33  3:32  Probe  
  34  3:44  Probe  
  35  3:57  Probe  
  36  4:04  Robotics Facility  
  36  4:18  Pylon  
  36  4:29  Dark Templar  
  38  4:31  Dark Templar  
  38  4:37  Pylon  
  38  4:38  Pylon  
  40  4:42  Probe  
  40  4:43  Pylon, Probe  
  42  4:52  Observer (Chrono Boost)  
  43  4:53  Pylon  
  43  4:54  Probe  
  43  4:55  Probe  
  43  5:06  Probe (Chrono Boost)  
  43  5:08  Probe (Chrono Boost)  
  44  5:19  Probe (Chrono Boost)  
  44  5:20  Probe (Chrono Boost)  
  44  5:21  Adept x2  
  46  5:24  Observer (Chrono Boost)  
  46  5:25  Probe (Chrono Boost)  
  46  5:26  Probe (Chrono Boost)  
  51  5:33  Probe  
  51  5:34  Probe  
  51  5:35  Forge  
  53  5:43  Immortal (Chrono Boost)  
  53  5:45  Probe  
  53  5:46  Probe  
  59  5:56  Assimilator x2  
  55  5:57  Probe  
  55  5:58  Sentry, Probe  
  55  6:02  Protoss Ground Weapons Level 1 (Chrono Boost)  
  59  6:06  Charge  
  59  6:09  Probe  
  60  6:12  Probe  
  61  6:21  Probe  
  61  6:23  Immortal  
  66  6:29  Gateway  
  66  6:30  Gateway  
  66  6:36  Gateway  
  66  6:39  Gateway  
  66  6:51  Templar Archives  
  66  6:52  Gateway  
  66  6:53  Gateway  
  66  7:00  Phoenix  
  66  7:07  Nexus  
  66  7:13  Dark Templar  
  66  7:14  Warp Prism  
  66  7:15  Zealot  
  70  7:19  Probe x2  
  70  7:20  Archon  
  74  7:35  Photon Cannon  
  74  7:36  High Templar x2  
  78  7:40  Pylon, Protoss Ground Weapons Level 2 (Chrono Boost)  
  78  7:41  Archon  
  78  7:46  Zealot  
  80  7:52  Probe x2  
  82  8:04  Pylon, Probe x2  
  84  8:09  Stalker x3  
  86  8:25  Probe x3  
  89  8:28  Photon Cannon  
  89  8:30  High Templar x2  
  93  8:37  Probe x3, Archon  
  96  8:42  Zealot x3  
  102  8:49  Probe x2  
  102  8:55  Assimilator, Probe  
  105  8:57  Assimilator  
  105  8:59  High Templar x2  
  105  9:00  Zealot  
  105  9:01  Probe x2  
  113  9:02  Pylon  
  113  9:05  Archon  
  111  9:10  Probe  
  111  9:13  Probe  
  112  9:17  Probe  
  112  9:22  Probe  
  114  9:26  High Templar x2  
  114  9:27  Zealot x3  
  114  9:28  Pylon  
  114  9:29  Pylon  
  114  9:30  Archon  
  124  9:39  Pylon  
  124  10:05  High Templar  
  124  10:06  Zealot x2, High Templar x3  
  124  10:07  Zealot x2  
  140  10:11  Shield Battery, Archon x2  
  140  10:12  Shield Battery  
  138  10:27  Zealot x4  
  104  10:38  Zealot x2  
  104  10:39  Zealot x2  

Tags
 
Add a new tag
Caveats
  • Supply blocks, unpowered buildings, or Contaminate may cause inaccurate times.
  • Supply counts are checked every 10 seconds.